 Dungeon Crawl Stone Soup version 0.17-a0-1481-gfdcec5c (webtiles) character file.

390 Geomchi the Cudgeler (level 6, -2/42 HPs)
             Began as an Octopode Fighter on July 4, 2015.
             Slain by an ogre
             ... wielding a +0 giant club
              (19 damage)
             ... on level 4 of the Dungeon.
             The game lasted 00:04:10 (4083 turns).

Geomchi the Cudgeler (Octopode Fighter)             Turns: 4083, Time: 00:04:11

Health: -2/42      AC:  1    Str: 15    XL:     6   Next: 80%
Magic:  6/6        EV: 12    Int: 11    God:
Gold:   137        SH:  8    Dex: 13    Spells: 0 memorised, 5 levels left

rFire  . . .     SeeInvis .     k - +0 whip
rCold  . . .     Clarity  .     b - +0 shield
rNeg   . . .     SustAt   .     (helmet restricted)
rPois  +         Gourm    .     (no amulet)
rElec  .         Spirit   .     j - ring of poison resistance
rCorr  .         Warding  .     (no ring)
rMut   .         Stasis   .     (no ring)
MR     .....                    (no ring)
Stlth  ++........               (no ring)
                                (no ring)
                                (no ring)
                                (no ring)

@: not resistant to hostile enchantments, unstealthy
A: almost no armour, amphibious, 8 rings, constrict 8, camouflage 1, gelatinous
body 1
a: no special abilities


You were on level 4 of the Dungeon.
You were not hungry.

You visited 1 branch of the dungeon, and saw 4 of its levels.

You collected 137 gold pieces.

Inventory:

Hand weapons
 a - a +0 flail
 k - a +0 whip (weapon)
Armour
 b - a +0 shield (worn)
Jewellery
 j - a ring of poison resistance (left tentacle)
Scrolls
 f - a scroll of noise {unknown}
 g - 5 scrolls of enchant weapon {unknown}
 h - a scroll of random uselessness {unknown}
 l - 3 scrolls of amnesia {unknown}
 m - 6 scrolls of identify {unknown}
 n - a scroll of recharging {unknown}
 q - 2 scrolls of enchant armour {unknown}
 r - a scroll of remove curse {unknown}
 t - a scroll of fog {unknown}
 u - 2 scrolls of magic mapping {unknown}
Potions
 c - a potion of might
 e - 4 potions of curing
 i - a potion of flight {unknown}
 o - a potion of degeneration {unknown}
 s - a potion of brilliance {unknown}
 v - 2 potions of heal wounds {unknown}
 x - a potion of magic {unknown}
 A - a potion of lignification {unknown}
Comestibles
 d - 2 bread rations {@e1}
 p - a beef jerky
 w - a meat ration {@e2}
 z - 2 chunks of flesh {@w0}


   Skills:
 - Level 3.0 Fighting
 + Level 5.9 Maces & Flails
 + Level 4.8 Dodging
 - Level 3.0 Shields


You had 5 spell levels left.
You didn't know any spells.

Dungeon Overview and Level Annotations

Branches:
Dungeon (4/15)
 Temple: D:4-7

Altars:
Elyvilon
Sif Muna
Yredelemnul


Innate Abilities, Weirdness & Mutations

You cannot wear most types of armour.
You are amphibious.
You can wear up to eight rings at the same time.
You can use your tentacles to constrict eight enemies at once.
Your skin changes colour to match your surroundings (Stealth).
Your rubbery body absorbs attacks (AC +1).


Message History

An ogre is nearby!
An ogre is nearby!
The ogre hits you with a giant club!
You take 14 damage, and have 28/42 hp.
MASSIVE DAMAGE!!
Your shield prevents you from hitting the ogre.
You hit the ogre. You block the ogre's attack.
You hit the ogre. The ogre completely misses you.
You hit the ogre. You hit the ogre. The ogre hits you with a giant club!!
* * * LOW HITPOINT WARNING * * *
You take 19 damage, and have 9/42 hp.
MASSIVE DAMAGE!!
You are too injured to fight recklessly!
You are too injured to fight recklessly!
You are too injured to fight recklessly!
Drink which item? (? for menu, Esc to quit)
Okay, then.
Drink which item? (? for menu, Esc to quit)
It was a potion of curing.
You feel better. The ogre hits you with a giant club!!
You die...

..............#.......
.........#######......
.......### ###
..#..... .......# #..#
..##.... .......#
##...##..##...
......##
#.....#..#.... .....
#..........# ....
#.....O....# ...
##.....@....## ##
#............##
#.............#
.......##.....##
###### .######
#......# #.....#
##.....##### ........#
#...#.....###
........##
#...##).....###
<........#
##..#.........#


You could see an ogre.

Vanquished Creatures
  The ghost of valor the Ducker, an average DsGl (D:3)
  A hound (D:4)
  A giant frog skeleton (D:4)
  A worker ant (D:4)
  Jessica (D:2)
  Natasha (twice) (D:2)
  An iguana (D:4)
  2 adders
  An ooze (D:1)
  A worm (D:1)
  5 giant geckos
  6 giant cockroaches
  2 gnoll zombies (D:3)
  6 goblins
  11 hobgoblins
  10 jackals
  2 ball pythons
  8 bats
  3 giant newts
  4 kobolds
  A quokka skeleton (D:4)
  4 rats
74 creatures vanquished.

Notes
Turn   | Place    | Note
--------------------------------------------------------------
     0 | D:1      | Geomchi the Octopode Fighter began the quest for the Orb.
     0 | D:1      | Reached XP level 1. HP: 16/16 MP: 1/1
    61 | D:1      | Reached XP level 2. HP: 6/21 MP: 2/2
   638 | D:1      | Reached XP level 3. HP: 26/26 MP: 3/3
  1507 | D:2      | Noticed Natasha
  1517 | D:2      | Killed Natasha
  1517 | D:2      | Reached skill level 4 in Maces & Flails
  1517 | D:2      | Reached XP level 4. HP: 31/31 MP: 4/4
  1564 | D:2      | Noticed Natasha
  1574 | D:2      | Killed Natasha
  1779 | D:2      | Noticed Jessica
  1790 | D:2      | Killed Jessica
  2032 | D:2      | Reached XP level 5. HP: 27/36 MP: 5/5
  2398 | D:3      | Noticed valor's ghost (average DsGl)
  2413 | D:3      | Killed valor's ghost
  2413 | D:3      | Reached skill level 5 in Maces & Flails
  2413 | D:3      | Reached XP level 6. HP: 29/42 MP: 6/6
  2555 | D:3      | Found a white marble altar of Elyvilon.
  2556 | D:3      | Found a deep blue altar of Sif Muna.
  2856 | D:3      | Found a basalt altar of Yredelemnul.
  4083 | D:4      | Slain by an ogre

Vault maps used:
D:1:      dpeg_arrival_windows_large_door
D:2:      first_bread, minivault_23, uniq_jessica, uniq_natasha
D:3:      lemuel_zombie_altar_yredelemnul, grunt_temple_overflow_open

Action                   |  1- 3 |  4- 6 || total
-------------------------+-------+-------++-------
Melee: Flail             |    45 |       ||    45
       Whip              |    24 |   119 ||   143
  Use: Potion            |       |     2 ||     2
 Stab: Sleeping          |     4 |     8 ||    12
       Distracted        |       |     1 ||     1
  Eat: Chunk             |     2 |     8 ||    10
